 Dungeon Crawl Stone Soup version 0.29.1-12-g30fa7ad0bf (webtiles) character file.

Game seed: 8248430064807958250

1706 KittyFluff the Covered (level 9, -7/54 HPs)
             Began as a Gargoyle Berserker on Jan 15, 2023.
             Was an Elder of Trog.
             Shot with an arrow by a centaur (10 damage)
             ... on level 7 of the Dungeon.
             The game lasted 00:31:56 (7040 turns).

KittyFluff the Covered (Gargoyle Berserker)         Turns: 7040, Time: 00:31:56

Health: -7/54      AC: 11    Str: 36    XL:     9   Next: 3%
Magic:  9/9        EV: 12    Int:  7    God:    Trog [****..]
Gold:   342        SH:  0    Dex: 11    Spells: 8/8 levels left

rFire   . . .      SeeInvis .   G - +0 flail (holy)
rCold   . . .      Faith    .   (no shield)
rNeg    + . .      Spirit   .   (no body armour)
rPois   ∞          Reflect  .   e - +0 helmet
rElec   +          Harm     .   y - +0 cloak
rCorr   .          Rampage  .   o - +0 pair of gloves
Will    .....                   v - +0 pair of boots
Stlth   +.........              (no amulet)
HPRegen 0.18/turn               p - +6 ring of strength
MPRegen 0.11/turn               F - +6 ring of strength

@: on berserk cooldown, slowed, studying Throwing, very slow
A: sickness immunity, AC +6, negative energy resistance 1, electricity
resistance, torment resistance 1, petrification resistance
a: Renounce Religion, Berserk, Trog's Hand, Brothers in Arms


You were on level 7 of the Dungeon.
You worshipped Trog.
Trog was greatly pleased with you.
You visited 1 branch of the dungeon, and saw 7 of its levels.

You collected 342 gold pieces.

Inventory:

Hand Weapons
 a - a +0 mace
 l - a +0 sling
 G - a +0 flail of holy wrath (weapon)
Missiles
 f - 44 stones (quivered)
 D - 2 throwing nets
 I - a boomerang
Armour
 d - a +0 kite shield
 e - a +0 helmet (worn)
 h - a +0 scale mail
 m - +0 steam dragon scales
 o - a +0 pair of gloves (worn)
 s - a +0 leather armour
 v - a +0 pair of boots (worn)
 y - a +0 cloak (worn)
 H - a +0 ring mail
Jewellery
 c - an amulet of faith
 p - a +6 ring of strength (left hand)
 u - a ring of positive energy
 F - a +6 ring of strength (right hand)
Wands
 t - a wand of digging (4)
Scrolls
 b - a scroll of immolation {unknown}
 i - a scroll of noise {unknown}
 k - 2 scrolls of teleportation
 r - 3 scrolls of butterflies {unknown}
 C - a scroll of vulnerability {unknown}
 E - a scroll of enchant weapon {unknown}
 J - a scroll of fear {unknown}
Potions
 g - a potion of haste
 j - a potion of invisibility
 n - a potion of mutation
 q - 7 potions of curing {unknown}
 w - a potion of berserk rage {unknown}
 z - 2 potions of heal wounds {unknown}
 A - a potion of lignification {unknown}
 B - a potion of attraction {unknown}


   Skills:
 + Level 5.4 Fighting
 * Level 6.4 Maces & Flails
 + Level 4.6 Throwing
 * Level 6.6 Armour
 + Level 3.5 Dodging
 + Level 3.9 Shields


You had 8 spell levels left.
You didn't know any spells.
Your spell library was empty.

Dungeon Overview and Level Annotations

Branches:
Dungeon (6/15)
 Temple: D:4-7

Altars:
Makhleb

Shops:
D:2 =


Innate Abilities, Weirdness & Mutations

You are immune to sickness and miasma.
Your stone body is resilient. (AC +6)
You are immune to poison.
You resist negative energy. (rN+)
You are resistant to electric shocks. (rElec)
You are resistant to unholy torment.
You are immune to petrification.


Message History

You hit the steam dragon.
The steam dragon is almost dead.
The steam dragon bites you.
* * * LOW HITPOINT WARNING * * *
The steam dragon claws you but does no damage.
You bludgeon the steam dragon!!
You kill the steam dragon!
Trog accepts your kill.
The steam dragon scales are intact enough to wear.
You have reached level 9!
Your experience leads to an increase in your attributes!
Your base attributes are Str 24, Int 7, Dex 9.
Increase (S)trength, (I)ntelligence, or (D)exterity?
You feel agile. x2
You start resting.
You feel a strong urge to attack something.
You start resting.
You are no longer berserk.
You are exhausted.
You feel yourself slow down.
Found a stone staircase leading up.
Things that are here:
+0 steam dragon scales; a steam dragon corpse m - +0 steam dragon scales You start removing your armour.
You continue taking off your +0 leather armour. x4
You finish taking off your +0 leather armour.
The centaur shouts!
The centaur wields a +0 shortbow.
The centaur shoots an arrow.
The arrow closely misses you.
The centaur shoots an arrow.
The arrow closely misses you.
The centaur shoots an arrow.
The arrow misses you.
The centaur shoots an arrow.
The arrow barely misses you.
The centaur shoots an arrow.
The arrow hits you!
* * * LOW HITPOINT WARNING * * *
The centaur shoots an arrow.
The arrow hits you but does no damage.
The centaur shoots an arrow.
The arrow hits you.
* * * LOW HITPOINT WARNING * * *
The centaur shoots an arrow.
The arrow hits you!
You die...

###.#..###......#.#.#
#.###.
#..................
... ..
##...............#.##
#
#........†.$.....#.#
##.......†.....c.#.#
#.................
#..............#.
#..............+
#.#+######@....#
..............#.#
###....####.......
#<...##.. #....#
..###. #+# .. ..


You could see a centaur.

Vanquished Creatures
  Sigmund (D:4)
  A wyvern (D:7)
  A steam dragon (D:7)
  A sky beast (D:7)
  An ogre (D:4)
  A phantom (D:6)
  A bullfrog (D:5)
  3 scorpions (D:5)
  A necrophage (D:5)
  A howler monkey (D:4)
  3 hounds
  A jelly (D:5)
  Crazy Yiuf (D:4)
  2 orc priests
  Ijyb (D:3)
  3 iguanas
  3 orc wizards
  The ghost of Smersh616 the Sneak, a weakling OpDe (D:4)
  Robin (D:1)
  8 adders
  3 gnolls (D:5)
  2 white imps
  An ufetubus (D:4)
  2 worms
  4 dart slugs
  13 orcs
  5 endoplasms
  8 giant cockroaches
  26 goblins
  10 hobgoblins
  6 jackals
  6 quokkas
  6 ball pythons
  7 bats
  4 frilled lizards
  6 kobolds
  6 rats
151 creatures vanquished.

Vanquished Creatures (others)
  A fungus (D:2)
  2 plants (D:2)
3 creatures vanquished.

Grand Total: 154 creatures vanquished

Notes
Turn   | Place    | Note
-------+----------+-------------------------------------------
     0 | D:1      | KittyFluff the Gargoyle Berserker began the quest for the
                  | Orb.
     0 | D:1      | Reached XP level 1. HP: 14/14 MP: 1/1
   192 | D:1      | Reached XP level 2. HP: 14/19 MP: 2/2
   985 | D:1      | Reached XP level 3. HP: 23/23 MP: 3/3
  1279 | D:2      | Reached ** piety under Trog
  1520 | D:2      | Reached XP level 4. HP: 21/28 MP: 4/4
  1640 | D:2      | Noticed Robin
  1796 | D:1      | Killed Robin
  1797 | D:1      | Reached skill level 1 in Shields
  1964 | D:2      | Found a faded altar of an unknown god.
  2270 | D:2      | Reached XP level 5. HP: 33/33 MP: 5/5
  2347 | D:2      | Found Curess's Jewellery Boutique.
  2997 | D:3      | Reached *** piety under Trog
  3295 | D:3      | Reached skill level 1 in Throwing
  3313 | D:3      | Noticed Ijyb
  3334 | D:3      | Killed Ijyb
  3709 | D:4      | Noticed an ogre
  3717 | D:4      | Killed an ogre
  3718 | D:4      | Reached XP level 6. HP: 27/38 MP: 6/6
  4037 | D:4      | Noticed Sigmund
  4058 | D:4      | Killed Sigmund
  4059 | D:4      | Reached XP level 7. HP: 44/44 MP: 7/7
  4200 | D:4      | Found a runed translucent door.
  4201 | D:4      | Noticed Crazy Yiuf
  4215 | D:4      | Killed Crazy Yiuf
  4665 | D:4      | Found a runed translucent door.
  4665 | D:4      | Noticed Smersh616's ghost (weakling OpDe)
  4704 | D:4      | Killed Smersh616's ghost
  4774 | D:4      | Reached skill level 5 in Maces & Flails
  4873 | D:5      | Entered Level 5 of the Dungeon
  4885 | D:5      | Reached skill level 5 in Armour
  5500 | D:5      | Reached XP level 8. HP: 42/48 MP: 8/8
  6139 | D:5      | Reached **** piety under Trog
  6479 | D:6      | Reached skill level 5 in Fighting
  6805 | D:6      | You fall into a shaft and drop 1 floor!
  6805 | D:7      | Found a burning altar of Makhleb.
  7005 | D:7      | Noticed a wyvern
  7019 | D:7      | Killed a wyvern
  7027 | D:7      | Reached XP level 9. HP: 15/54 MP: 9/9
  7040 | D:7      | Shot with an arrow by a centaur

Illustrated notes

Levels and vault maps discovered:
D:1:      kennysheep_arrival_forest, layout_rooms, minmay_surrounded
D:2:      layout_rooms, shapermc_ecumenical_altar_ellora, serial_shops,
          nicolae_shop_hallway_plus, minmay_misc_feat_more_columns,
          serial_bayou_ford_a, st_stairs_4, minmay_ruptured, uniq_robin
D:3:      kennysheep_goblin_castle, layout_basic
D:4:      layout_loops_ring, hellmonk_ghost_happy_afterlife,
          corexii_leaking_fountain, uniq_crazy_yiuf_cottage, uniq_sigmund
D:5:      layout_loops_ring, serial_co_window_serial, co_window_corner_a,
          co_window_of_opportunity_a, co_window_of_opportunity_a,
          co_window_paths_a, co_window_corner_a, co_window_paths_a,
          co_window_corner_a, co_window_broadway_c, co_window_2corner,
          co_window_2corner, co_window_4corner_b, co_window_paths_d,
          glass_columns_b, glass_columns_c, glass_columns_a, minivault_19
D:6:      layout_rooms, chequers_serial_rivers_large_a
D:7:      layout_basic, mainiacjoe_overflow_six_doors_small,
          minmay_temple_entry_drinking_statues, uniq_joseph

Skill      XL: |  1  2  3  4  5  6  7  8 |
---------------+-------------------------+-----
Armour         | 3 4 5 6 |  6.6
Dodging        | 2 3 |  3.5
Shields        | 1 2 3 |  3.9
Maces & Flails | 4 5 6 |  6.4
Throwing       | 1 2 3 4 |  4.6
Fighting       | 4 5 |  5.4

Action                   |  1- 3 |  4- 6 |  7- 9 || total
-------------------------+-------+-------+-------++-------
Melee: Mace              |   113 |   204 |   188 ||   505
       Punch             |     1 |       |     5 ||     6
       Flail             |       |       |    54 ||    54
Throw: Stone             |       |     4 |       ||     4
Invok: Berserk           |       |     2 |     2 ||     4
  Use: Scroll            |       |       |     6 ||     6
Armor: Animal skin       |    39 |    83 |       ||   122
       Leather armour    |       |    34 |   117 ||   151
       Skin              |       |       |     1 ||     1
Dodge: Dodged            |    82 |   181 |   143 ||   406
